 Dungeon Crawl Stone Soup version 0.26-a0-52-gd53d4cd058 (webtiles) character file.

Game seed: 12793122504823495491

3001 mortelune the Spear-Bearer (level 9, -6/75 HPs)
             Began as a Merfolk Skald on June 6, 2020.
             Was a Follower of Makhleb.
             Mangled by a troll (12 damage)
             ... on level 8 of the Dungeon.
             The game lasted 00:14:31 (11817 turns).

mortelune the Spear-Bearer (Merfolk Skald)         Turns: 11817, Time: 00:14:32

Health: -6/75      AC:  6    Str: 14    XL:     9   Next: 84%
Magic:  4/12       EV: 16    Int: 13    God:    Makhleb [*.....]
Gold:   244        SH:  5    Dex: 13    Spells: 4/12 levels left

rFire    . . .     SeeInvis .   j - +0 trident
rCold    . . .     Gourm    .   (no shield)
rNeg     . . .     Faith    .   f - +1 ring mail
rPois    .         Spirit   .   (no helmet)
rElec    .         Reflect  +   (no cloak)
rCorr    +         Harm     .   (no gloves)
MR       .....                  (no boots)
Stlth    +.........             k - amulet of reflection
HPRegen  0.22/turn              C - ring of resist corrosion
MPRegen  0.13/turn              W - ring of wizardry

@: infused
A: change form in water, swift swim, stealthy swim
a: Renounce Religion


You were on level 8 of the Dungeon.
You worshipped Makhleb.
Makhleb was aware of your devotion.
You were very hungry.

You visited 2 branches of the dungeon, and saw 9 of its levels.

You collected 316 gold pieces.
You spent 72 gold pieces at shops.

Inventory:

Hand Weapons
 a - a +1 spear
 i - a +0 halberd
 j - a +0 trident (weapon)
Missiles
 u - 7 curare-tipped darts (quivered)
Armour
 b - a +0 leather armour
 f - a +1 ring mail (worn)
Jewellery
 k - an amulet of reflection (around neck)
 C - a ring of resist corrosion (left hand)
 W - a ring of wizardry (right hand)
Wands
 g - a wand of flame (11)
 p - a wand of iceblast (11)
Scrolls
 e - 2 scrolls of fear
 n - 3 scrolls of remove curse
 q - a scroll of immolation
 t - 2 scrolls of teleportation
 v - a scroll of magic mapping {unknown}
 B - a scroll of blinking
Potions
 c - 2 potions of curing
 h - 2 potions of brilliance
 l - 2 potions of heal wounds
 m - 2 potions of haste
 o - a potion of mutation
 r - a potion of cancellation
 s - 2 potions of might
Comestibles
 d - 7 rations


   Skills:
 + Level 8.7 Fighting
 + Level 11.1 Polearms
 - Level 0.6 Armour
 + Level 10.4 Dodging
 - Level 2.0 Spellcasting
 - Level 3.2 Charms


You had 4 spell levels left.
You knew the following spells:

 Your Spells              Type           Power        Failure   Level  Hunger
a - Infusion              Chrm           #...         6%          1    ##.....
b - Song of Slaying       Chrm           #.......     9%          2    ###....
c - Shroud of Golubria    Chrm/Tloc      #.....       16%         2    ###....
d - Spectral Weapon       Hex/Chrm       #.......     32%         3    ####...

Your spell library contained the following spells:

 Spells                   Type           Power        Failure   Level  Hunger
 Corona                   Hex            #......      21%         1    ##.....
 Ensorcelled Hibernation  Hex/Ice        #.....       30%         2    ###....
 Ozocubu's Armour         Chrm/Ice       #.......     32%         3    ####...
 Confusing Touch          Hex            #.......     50%         3    ####...
 Dazzling Flash           Conj/Hex       #.....       50%         3    ####...
 Tukima's Dance           Hex            #.......     50%         3    ####...


Dungeon Overview and Level Annotations

Branches:
Dungeon (8/15)             Temple (1/1) D:4
   Lair: D:8-11

Altars:
Ashenzari
Cheibriados
Elyvilon
Fedhas
Hepliaklqana
Kikubaaqudgha
Makhleb
Nemelex Xobeh
Qazlal
Ru
Trog
Vehumet
Wu Jian
Xom
Yredelemnul
Zin
The Shining One

Shops:
D:4 *


Message History

Space distorts slightly along a thin shroud covering your body.
You completely miss the troll.
Your spectral weapon barely misses the troll.
The troll bites you but does no damage. The troll claws you!
Your shroud falls apart!
The troll claws you but does no damage.
You hit the troll.
The troll is lightly wounded.
Your spectral weapon hits the troll.
The troll bites you! The troll completely misses you. The troll claws you.
* * * LOW HITPOINT WARNING * * *
You hit the troll.
The troll is moderately wounded.
Your spectral weapon hits the troll but does no damage.
You puncture the troll!
The troll is heavily wounded.
Your spectral weapon hits the troll.
The troll bites you!
* * * LOW HITPOINT WARNING * * *
The troll claws you!
You die...

#...####..####......
#..............#####
#.............##
##...........##
#..........##
###........#
#........#
##....#...#
#@T.####..# ##(.##
##.# .########..##
#.# ........%.## .
..........#
.##########


You could see a troll and a friendly spectral +0 trident.

Vanquished Creatures
  Eustachio (D:4)
  A wyvern (D:8)
  An orc warrior (D:7)
  4 ice beasts
  A phantom (D:7)
  2 sky beasts
  3 ogres
  A crocodile (D:7)
  A big kobold (D:8)
  2 bullfrogs (D:7)
  A gnoll sergeant (D:7)
  2 scorpions
  3 wights (D:6)
  5 howler monkeys
  2 crimson imps
  A quasit (D:8)
  A jelly (D:6)
  3 orc priests
  A centaur skeleton (D:8)
  An orc wizard (D:8)
  4 bullfrog skeletons
  Jessica (D:2)
  2 iguanas
  Natasha (thrice) (D:3)
  6 worker ants
  A worker ant zombie (D:5)
  8 adders
  15 gnolls
  2 shadow imps
  An ooze (D:3)
  2 adder zombies (D:5)
  An adder skeleton (D:5)
  6 worms
  3 leopard geckos
  6 orcs
  A ball python (D:3)
  6 bats
  3 giant cockroaches
  4 goblins
  7 hobgoblins
  9 jackals
  A ball python skeleton (D:4)
  2 frilled lizards
  7 kobolds
  A leopard gecko skeleton (D:5)
  8 rats
147 creatures vanquished.

Vanquished Creatures (others)
  An ogre (D:4)
  3 bullfrogs (D:6)
  A scorpion (D:6)
  An adder (D:6)
  A leopard gecko (D:4)
  A giant cockroach (D:6)
  A quokka (D:6)
  A frilled lizard (D:4)
  A spectral weapon (D:8)
11 creatures vanquished.

Grand Total: 158 creatures vanquished

Notes
Turn   | Place    | Note
-------+----------+-------------------------------------------
     0 | D:1      | mortelune the Merfolk Skald began the quest for the Orb.
     0 | D:1      | Reached XP level 1. HP: 16/16 MP: 3/3
   352 | D:1      | Reached XP level 2. HP: 4/23 MP: 0/5
   356 | D:1      | Learned a level 2 spell: Song of Slaying
  1524 | D:2      | Noticed Jessica
  1529 | D:2      | Killed Jessica
  1529 | D:2      | Reached skill level 4 in Polearms
  1529 | D:2      | Reached XP level 3. HP: 28/29 MP: 4/6
  1533 | D:2      | Learned a level 2 spell: Shroud of Golubria
  2009 | D:2      | Reached XP level 4. HP: 26/35 MP: 1/7
  2229 | D:2      | Found a faded altar of an unknown god.
  3405 | D:3      | Found a shattered altar of Ashenzari.
  3445 | D:3      | Noticed Natasha
  3457 | D:3      | Killed Natasha
  3457 | D:3      | Reached XP level 5. HP: 36/42 MP: 1/8
  3463 | D:3      | Noticed Natasha
  3480 | D:3      | Killed Natasha
  3480 | D:3      | Reached skill level 5 in Polearms
  3743 | D:3      | Noticed Natasha
  3764 | D:3      | Killed Natasha
  4537 | D:4      | Noticed an ogre
  4566 | D:4      | Found Wairu's General Store.
  4573 | D:4      | Bought 2 potions of curing for 72 gold pieces
  4577 | D:4      | Noticed an ogre
  4770 | D:5      | Entered Level 5 of the Dungeon
  4796 | D:5      | Reached skill level 5 in Dodging
  4798 | D:5      | Noticed a sky beast
  4830 | D:4      | Reached XP level 6. HP: 48/48 MP: 3/9
  5104 | D:4      | Reached skill level 6 in Polearms
  5863 | D:4      | Noticed Eustachio
  5936 | D:4      | Killed Eustachio
  5936 | D:4      | Reached skill level 5 in Fighting
  5936 | D:4      | Reached XP level 7. HP: 32/56 MP: 0/10
  6442 | D:4      | Found a staircase to the Ecumenical Temple.
  6453 | Temple   | Entered the Ecumenical Temple
  6559 | Temple   | Became a worshipper of Makhleb the Destroyer
  6867 | D:5      | Found a bloodstained altar of Trog.
  7112 | D:5      | Reached skill level 7 in Polearms
  7704 | D:6      | Paralysed by a crimson imp for 2 turns
  7743 | D:6      | Paralysed by a crimson imp for 2 turns
  7891 | D:6      | Reached XP level 8. HP: 47/64 MP: 6/11
  7915 | D:6      | Reached skill level 8 in Polearms
  8240 | D:6      | Learned a level 3 spell: Spectral Weapon
  8266 | D:6      | Found a shimmering altar of Xom.
  9015 | D:7      | Reached skill level 9 in Polearms
  9732 | D:7      | Reached * piety under Makhleb
  9763 | D:7      | Reached XP level 9. HP: 47/72 MP: 4/12
 10221 | D:7      | Reached skill level 10 in Polearms
 11345 | D:8      | Reached skill level 10 in Dodging
 11615 | D:7      | Found an ornate altar of the Wu Jian Council.
 11744 | D:8      | Reached skill level 11 in Polearms
 11809 | D:8      | Noticed a troll
 11817 | D:8      | Mangled by a troll

Illustrated notes

Levels and vault maps discovered:
D:1:      mrwooster_arrival_statue, layout_basic, minmay_misc_feat_more_columns,
          grunt_decor_resistance, minmay_misc_feat_x,
          hangedman_abyss_or_decor_lesser_grid
D:2:      layout_basic, chequers_ecumenical_altar_lobes, eino_tiny_chamber,
          mrwooster_statue_mirror, uniq_jessica
D:3:      layout_loops_corners, cheibrodos_ashenzari_chains, first_ration,
          grunt_ministairs_8, uniq_natasha
D:4:      layout_basic, lemuel_temple_firewalk_b, serial_shops, shop_statue,
          solitary_fountain, uniq_eustachio
D:5:      layout_cave_pools, basic_altar, kennysheep_small_circle
D:6:      layout_basic, serial_glass, glass_columns_b, glass_columns_a,
          xom_confusion_cloud
D:7:      lemuel_upstairs_altar, layout_loops_ring
D:8:      minmay_the_grid_octo_2x2 [minmay_the_grid_octo_pinwheel,
          minmay_the_grid_octo_clover_2, minmay_the_grid_octo_vomiting_pacman,
          minmay_the_grid_octo_prize_square_snowflake], layout_layer_cave,
          marbit_many_paths, serial_shops, kennysheep_little_box
Temple:   dpeg_five_rooms_temple

Skill      XL: |  1  2  3  4  5  6  7  8  9 |
---------------+----------------------------+-----
Dodging        | 3 4 5 6 7 8 10 | 10.4
Fighting       | 3 4 5 7 8 |  8.7
Polearms       | 4 5 6 7 9 11 | 11.1
Armour         | |  0.6
Spellcasting   | |  2.0
Charms         | |  3.2

Action                   |  1- 3 |  4- 6 |  7- 9 || total
-------------------------+-------+-------+-------++-------
Melee: Spear             |    99 |   284 |   568 ||   951
       Trident           |       |       |    59 ||    59
 Cast: Infusion          |     6 |    11 |    26 ||    43
       Song of Slaying   |     1 |     2 |     6 ||     9
       Shroud of Golubri |       |     4 |    10 ||    14
       Spectral Weapon   |       |       |     5 ||     5
  Use: Scroll            |       |     6 |     8 ||    14
 Stab: Distracted        |       |       |     1 ||     1
  Eat: Chunk             |     3 |     8 |    16 ||    27
       Ration            |       |     2 |     1 ||     3
Armor: Leather armour    |    11 |       |       ||    11
       Ring mail         |       |    56 |    95 ||   151
Dodge: Dodged            |    58 |   149 |   199 ||   406
Block: Other             |       |    17 |    74 ||    91

Table legend:
 A = Non-vault XP
 B = Vault XP
 C = Vault XP percentage of total XP
 D = Non-vault monster count
 E = Vault monster count
 F = Vault count percentage of total count
                 A         B        C        D         E       F
            +---------+---------+-------+---------+---------+-------
      Total |    3733 |     555 |  12.9 |     138 |       9 |   6.1
            +---------+---------+-------+---------+---------+-------
        D:1 |      24 |       0 |   0.0 |      15 |       0 |   0.0
        D:2 |      30 |      37 |  55.2 |      13 |       1 |   7.1
        D:3 |     130 |      51 |  28.2 |      22 |       3 |  12.0
        D:4 |     318 |     191 |  37.5 |      15 |       1 |   6.2
        D:5 |     256 |       0 |   0.0 |      10 |       0 |   0.0
        D:6 |     369 |     179 |  32.7 |      12 |       3 |  20.0
        D:7 |    1494 |       0 |   0.0 |      31 |       0 |   0.0
        D:8 |    1112 |      97 |   8.0 |      20 |       1 |   4.8
            +---------+---------+-------+---------+---------+-------
